 Dungeon Crawl Stone Soup version 0.26.1-11-gd32895ea62 (webtiles) character file.

Game seed: 5612072421218158961

7 JuniperTheExplorer the Digger (level 2, 0/19 HPs)
             Began as a Human Wanderer on May 15, 2021.
             Succumbed to a goblin's poison
             ... on level 1 of the Dungeon.
             The game lasted 00:05:14 (546 turns).

JuniperTheExplorer the Digger (Human Wanderer)       Turns: 546, Time: 00:05:15

Health: 0/19       AC:  6    Str: 14    XL:     2   Next: 5%
Magic:  2/3        EV:  9    Int: 11    God:
Gold:   15         SH:  0    Dex: 11    Spells: 2/3 levels left

rFire    . . .     SeeInvis .   a - +2 dagger (venom)
rCold    . . .     Faith    .   (no shield)
rNeg     . . .     Spirit   .   c - +0 scale mail
rPois    .         Reflect  .   (no helmet)
rElec    .         Harm     .   (no cloak)
rCorr    .         Rampage  .   (no gloves)
Will     .....                  (no boots)
Stlth    ..........             b - amulet of magic regeneration
HPRegen  0.06/turn              (no ring)
MPRegen  0.33/turn              (no ring)

@: lethally poisoned (0 -> -3), very slightly contaminated
A: no striking features
a: no special abilities


You were on level 1 of the Dungeon.
You visited 1 branch of the dungeon, and saw 1 of its levels.

You collected 15 gold pieces.

Inventory:

Hand Weapons
 a - a +2 dagger of venom (weapon)
Armour
 c - a +0 scale mail (worn)
Jewellery
 b - an amulet of magic regeneration (around neck)


   Skills:
 + Level 0.4 Dodging
 + Level 1.0 Stealth
 + Level 1.0 Shields
 + Level 1.0 Spellcasting
 + Level 2.1 Summonings
 + Level 1.0 Transmutations
 + Level 4.2 Earth Magic


You had 2 spell levels left.
You knew the following spells:

 Your Spells              Type           Power        Failure   Level
a - Sting                 Tmut/Pois      4%           75%         1

Your spell library contained the following spells:

 Spells                   Type           Power        Failure   Level
 Summon Small Mammal      Summ           20%          52%         1
 Call Imp                 Summ           5%           67%         2
 Call Canine Familiar     Summ           5%           88%         3
 Summon Guardian Golem    Hex/Summ       2%           95%         3
 Spider Form              Tmut/Pois      0%           98%         3
 Summon Ice Beast         Ice/Summ       2%           100%        4
 Summon Lightning Spire   Summ/Air       2%           100%        4


Dungeon Overview and Level Annotations

Branches:
Dungeon (1/15)

Altars:


Message History

The bat hits you but does no damage. The bat barely misses you.
Aiming: Sting (safe; 75% risk of failure)
Press: ? - help, Q - select action Shift-Dir - straight line, f - kobold
Aim: a kobold, wielding a +0 short sword (45% to evade)
You miscast Sting.
You are very lightly contaminated with residual magic.
Nothing appears to happen.
* * * LOW HITPOINT WARNING * * *
You feel sick. The bat hits you.
* * * LOW HITPOINT WARNING * * *
The bat hits you but does no damage.
Aiming: Sting (safe; 75% risk of failure)
Press: ? - help, Q - select action Shift-Dir - straight line, f/p - kobold
Aim: a kobold, wielding a +0 short sword (45% to evade)
You miscast Sting.
Nothing appears to happen.
The bat hits you but does no damage. x2
The bat hits you but does no damage. The bat closely misses you.
The bat hits you but does no damage.
You die...

#.#.#### ##########.#....#
#.............#.#
#.########.##.#.#### #)#....#
#.##.# ...#
.######.#.##.###.##.####.####
.............................
.#......#.##.####.#.#.#######
#.######.##@# #....#.# #
..##.# #..###'#####
#####b###..#.......#
#K.....#.......#
#####.##.......# #.##.......#
.##.......# .##.....###
.##.....#


You could see a bat and a kobold.

Vanquished Creatures
  A bat (D:1)
  A giant cockroach (D:1)
  2 goblins (D:1)
  A ball python (D:1)
  A frilled lizard (D:1)
6 creatures vanquished.

Notes
Turn   | Place    | Note
-------+----------+-------------------------------------------
     0 | D:1      | JuniperTheExplorer the Human Wanderer began the quest for
                  | the Orb.
     0 | D:1      | JuniperTheExplorer set off with the following items: a +0
                  | club, a potion of curing, a +0 robe; and the following
                  | spells available to memorise: Summon Small Mammal, Call
                  | Imp, Sting, Call Canine Familiar, Summon Guardian Golem,
                  | Spider Form, Summon Ice Beast, Summon Lightning Spire
     0 | D:1      | Reached XP level 1. HP: 13/13 MP: 2/2
     2 | D:1      | Learned a level 1 spell: Sting
   514 | D:1      | Reached XP level 2. HP: 10/19 MP: 3/3
   546 | D:1      | Succumbed to a goblin's poison

Illustrated notes

Levels and vault maps discovered:
D:1:      dpeg_arrival_rooms_b, layout_basic, minmay_pentomino_z2

Action                   || total
-------------------------++-------
Melee: Club              ||    29
       Dagger            ||     5
 Cast: Sting             ||     1
  Use: Potion            ||     2
       Scroll            ||     1
Armor: Robe              ||    23
       Scale mail        ||    12
Dodge: Dodged            ||    52
